Unix NetHack Version 5.0.0-0 post-release - last build Jun 10 2026 00:39:30 (3ee93aec679c4c4259841fe613dc97188e26a321,branch:main).

Game began 2026-06-15 14:40:01, ended 2026-06-15 15:23:48.

LDaviesPeters, neutral female human Archeologist

          #
      --+-.--           -----------                         -----
      |.`...|           |.........|                         ....|
      |.....r@          |.........|         `###########    |...-#     ------
      |...r.|           |.........|        ------------#    |...|#     |%%%!|
      |?{>..|          #-..........########+...........#### |.<.|#     |%%%%|
      ----|--       ####-----------#   ####|....(.....|#####....|#     |%%%%|
          ###       #          `####      #...........|     -----#       ...|
            #       #                      |..........|          #        -|-
            #       #                      --+---------          #     #####
            ##      #                        #                   #   ###
         ----.------#                                            #####
         |.........|#                                          ###
         |.........|#                                          #-|----------
         |......:...#                                          #|..........|
         |.......).|                                           #|..........|
         --------+--                                           #|.F........|
                                                               #+..........|
                                                                ------------

LDaviesPeters the Field Worker  St:17 Dx:11 Co:14 In:17 Wi:12 Ch:10  Neutral
Dlvl:6  $:9  HP:0(29) Pw:28(28) AC:3  Xp:5 T:4209 

Latest messages:
 The rothe misses!
 The rothe bites!
 You hit the rothe.
 You miss the rothe.
 You hit the rothe.
 The rothe hits!
 The rothe bites!
 The rothe bites again!
 You miss the rothe.
 The rothe hits!
 The rothe bites!
 The rothe bites again!
 You hit the rothe.
 The rothe misses!
 The rothe misses!
 The rothe just misses!
 The door resists!
 The door opens.
 The wererat summons help!
 A giant rat suddenly appears next to you!
 The wererat misses!
 The giant rat bites!
 The wererat misses!
 Are you sure you want to pray? [yn] (n) y
 You begin praying to Camaxtli.
 You are surrounded by a shimmering light.
 The giant rat starts to attack you, but pulls back.
 The wererat changes into a human.
 The wererat starts to attack you, but pulls back.
 The giant rat starts to attack you, but pulls back.
 The wererat changes into a rat.
 The wererat starts to attack you, but pulls back.
 The giant rat starts to attack you, but pulls back.
 The wererat starts to attack you, but pulls back.
 You finish your prayer.
 You feel that Camaxtli is well-pleased.
 You miss the wererat.
 The wererat bites!
 What do you want to wield? [- avF or ?*] a
 a - a +2 bullwhip (weapon in right hand).
 The wererat misses!
 You lash the wererat.
 The wererat just misses!
 You lash the wererat!
 The wererat bites!
 You feel feverish.
 You lash the wererat.
 The wererat bites!
 You die...
 Do you want your possessions identified? [ynq] (y) q

Inventory:
 Coins    ('$')
  $ - 9 gold pieces
 Weapons  (')')
  F - a blessed +0 dagger
  v - 2 +0 orcish daggers
  a - a +2 bullwhip (weapon in right hand)
 Armor    ('[')
  T - a blessed +0 orcish helm (being worn)
  B - an uncursed +0 pair of leather gloves (being worn)
  L - a blessed +0 elven mithril-coat (being worn)
 Comestibles  ('%')
  d - 2 uncursed food rations
  y - an uncursed fortune cookie
  x - an uncursed lembas wafer
 Rings    ('=')
  r - an uncursed ring of levitation
 Wands    ('/')
  j - a wand of secret door detection (0:12)
  w - a wand of slow monster (0:3)
 Tools    ('(')
  b - an uncursed sack containing 12 items
  U - a horn of plenty (0:7)
  f - a tinning kit (0:63)
 Gems/Stones  ('*')
  n - an uncursed fluorite stone

Contents of the sack:
  101 gold pieces
  an uncursed scroll of blank paper
  an uncursed scroll of confuse monster
  an uncursed scroll of enchant weapon
  an uncursed scroll of food detection
  a cursed scroll of remove curse
  an uncursed scroll of teleportation
  3 uncursed potions of healing
  an uncursed potion of water
  an uncursed potion of invisibility
  an uncursed potion of sickness
  an uncursed potion of gain energy

LDaviesPeters the Archeologist's attributes:

Background:
 You were a Field Worker, a level 5 female human Archeologist.
 You were neutral, on a mission for Camaxtli
 who was opposed by Quetzalcoatl (lawful) and Huhetotl (chaotic).
 You were right-handed.
 You were in the Dungeons of Doom, on level 6.
 You entered the dungeon 4209 turns ago.
 There was a new moon in effect when your adventure ended.
 You had 297 experience points, 23 more were needed to attain level 6.

Basics:
 You had 0 out of 29 hit points.
 You had all 28 energy points (spell power).
 Your armor class was 3.
 Your wallet contained 9 zorkmids, and
 you had 101 more stashed away in your pack.
 Autopickup was off.

Final Characteristics:
 Your strength was 17 (limit:18/100).
 Your dexterity was 11 (limit:18).
 Your constitution was 14 (limit:18).
 Your intelligence was 17 (limit:18).
 Your wisdom was 12 (limit:18).
 Your charisma was 10 (limit:18).

Final Status:
 You weren't hungry.
 You were unencumbered.
 You were wielding a whip.
 You had basic skill with whip and could have enhanced that.

Final Attributes:
 You were piously aligned.
 You were level-drain resistant.
 You had automatic searching.
 You were stealthy.
 You were guarded.
 You were a wererat.
 You were harmed by silver.
 You are dead.

Miscellaneous:
 You didn't encounter any bones levels.
 Total elapsed playing time was 43 minutes and 46 seconds.

Major events:
 Turn
    1: LDaviesPeters the neutral female human Archeologist entered the dungeon
 1492: attained the rank of Field Worker (level 3)
 1958: entered the Gnomish Mines
 4209: killed by a wererat

You didn't know any spells.

Skills:
 Fighting Skills
   bare handed combat [Unskilled]
   two weapon combat  [Unskilled]
   riding             [Unskilled]
 Weapon Skills
   dagger             [Unskilled]
   knife              [Unskilled]
   pick-axe           [Basic]
   short sword        [Unskilled]
   saber              [Unskilled]
   club               [Unskilled]
   quarterstaff       [Unskilled]
   sling              [Unskilled]
   dart               [Unskilled]
   boomerang          [Unskilled]
   whip               [Basic]
   unicorn horn       [Unskilled]
 Spellcasting Skills
   attack spells      [Unskilled]
   healing spells     [Unskilled]
   divination spells  [Unskilled]
   matter spells      [Unskilled]

Voluntary challenges:
 Character rerolling was not enabled.
 You never genocided any monsters.
 You never polymorphed an object.
 You never changed form.
 You used no wishes.
Achievements:
 You attained the rank of Field Worker.
 You entered a shop.
 You entered the Gnomish Mines.

 The Dungeons of Doom: levels 1 to 7
    Level 1:
       A fountain.
    Level 2:
       An altar.
    Level 3:
       An altar.
    Level 4:
       A vegetarian food shop, many fountains.
       Stairs down to The Gnomish Mines.
    Level 5:
    Level 6: <- You were here.
       A food shop, a fountain.
       Final resting place for
          you, killed by a wererat.
    Level 7:
 The Gnomish Mines:
    Level 5:


Vanquished creatures:
  a rock piercer
  a fog cloud
  a shrieker
  a gnome leader
  a gray ooze
  a straw golem
  a paper golem
  3 giant ants
  a kitten
  2 dwarves
  2 giant bats
  a dwarf zombie
  a werejackal
  3 iguanas
 an acid blob
  2 hobbits
  a large kobold
  2 giant rats
  3 cave spiders
  2 gnomes
  a gnome zombie
  3 geckos
  4 jackals
  2 foxes
  5 goblins
  a sewer rat
  4 grid bugs
  a bat
  4 lichens
  2 kobold zombies
  9 newts
67 creatures vanquished.

No species were genocided or became extinct.

Game over:
                       ----------
                      /          \
                     /    REST    \
                    /      IN      \
                   /     PEACE      \
                  /                  \
                  |  LDaviesPeters   |
                  |      110 Au      |
                  |   killed by a    |
                  |     wererat      |
                  |                  |
                  |                  |
                  |       2026       |
                 *|     *  *  *      | *
        _________)/\\_//(\/(/\)/\//\/|_)_______

Goodbye LDaviesPeters the Archeologist...

You died in The Dungeons of Doom on dungeon level 6 with 1597 points,
and 110 pieces of gold, after 4209 moves.
You were level 5 with a maximum of 29 hit points when you died.

